AoeStats
← nightmare

Arabia

510123489Analyzed
1v1 RM · 4d ago on Sep 29, 2026· 67m 54s· 2 players
Game mode
Random Map
Map size
Tiny (2 player)
Population
200
Speed
Normal
Resources
Standard
Victory
Conquest
Starting age
Dark Age
Ending age
Imperial Age
RankedLock teamsTeams togetherTeam positionsShared explorationLock speedFull tech treeHidden civsTurbo modeCheats
Victory
Defeat
🇷🇸 Hindustanis · Serbia
957
+16
🇺🇸 Bengalis · United States
962
-16
nightmare
10:26 Feudal Age
12:32 Double-Bit Axe
18:40 Castle Age
17:28 Bloodlines
18:06 Horse Collar
22:24 Fletching
24:48 Elite Skirmisher
26:14 Bodkin Arrow
29:20 Ballistics
29:48 Padded Archer Armor
38:38 Imperial Age
40:17 Forging
41:05 Gold Mining
42:42 Heavy Camel Rider
47:56 Bow Saw
48:12 Block Printing
48:05 Scale Mail Armor
53:17 Bracer
55:02 Chemistry
54:14 Masonry
54:39 Thumb Ring
56:32 Wheelbarrow
55:42 Town Watch
55:43 Loom
57:45 Elite Ghulam
61:19 Imperial Camel Rider
62:07 Scale Barding Armor
64:57 Husbandry
IdentifiedArcher
6:43 Loom
9:20 Feudal Age
10:02 Double-Bit Axe
10:01 Horse Collar
11:25 Town Watch
12:17 Wheelbarrow
18:10 Castle Age
17:36 Fletching
17:51 Padded Archer Armor
18:59 Bodkin Arrow
21:44 Pikeman
22:51 Leather Archer Armor
22:40 Scale Mail Armor
24:28 Squires
24:13 Arson
26:40 Chain Mail Armor
26:36 Forging
28:53 Light Cavalry
29:34 Husbandry
29:57 Bow Saw
33:56 Bloodlines
34:53 Ballistics
34:48 Forging
46:47 Iron Casting
46:19 Scale Barding Armor
46:56 Town Watch
47:31 Hand Cart
50:11 Chain Barding Armor
55:57 Imperial Age
53:28 Town Patrol
56:06 Imperial Age
53:36 Town Patrol
57:02 Bracer
57:35 Ring Archer Armor
57:10 Elite Elephant Archer
63:18 Chemistry
62:55 Plate Barding Armor
63:11 Halberdier
66:22 Blast Furnace
Connection lost

Rejoining the realm…

Still unreachable

The connection could not be restored.

Session expired

The server has moved on; the page needs a fresh start.